 Dungeon Crawl Stone Soup version 0.19.5 (webtiles) character file.

491 IcyNumb the Cudgeler (level 7, 0/68 HPs)
             Began as an Ogre Fire Elementalist on May 19, 2017.
             Slain by an ogre
             ... wielding a +0 giant club
              (16 damage)
             ... on level 4 of the Dungeon on May 20, 2017.
             The game lasted 01:13:00 (6820 turns).

IcyNumb the Cudgeler (Ogre Fire Elementalist)       Turns: 6820, Time: 01:13:00

Health: 0/68       AC:  6    Str: 15    XL:     7   Next: 14%
Magic:  7/11       EV: 10    Int: 15    God:
Gold:   106        SH:  0    Dex: 10    Spells: 3 memorised, 6 levels left

rFire  . . .     SeeInvis .     w - +0 flail
rCold  . . .     Gourm    .     p - +0 robe
rNeg   + . .     Faith    .     (no shield)
rPois  .         Spirit   .     (helmet restricted)
rElec  .         Reflect  .     (no cloak)
rCorr  .         Harm     .     (gloves unavailable)
MR     .....                    (boots unavailable)
Stlth  ++........               (no amulet)
                                o - ring of positive energy
                                d - +3 ring of protection

@: no status effects
A: unfitting armour, tough skin 1
a: no special abilities


You were on level 4 of the Dungeon.
You were not hungry.

You visited 1 branch of the dungeon, and saw 5 of its levels.

You collected 313 gold pieces.
You spent 207 gold pieces at shops.

Inventory:

Hand Weapons
 w - a +0 flail (weapon)
Armour
 p - a +0 robe (worn)
Jewellery
 d - a +3 ring of protection (left hand)
 o - a ring of positive energy (right hand)
Scrolls
 a - 3 scrolls of teleportation {unknown}
 g - 4 scrolls of identify
 j - 3 scrolls of blinking {unknown}
 t - a scroll of fear {unknown}
 u - a scroll of magic mapping {unknown}
 v - a scroll of amnesia {unknown}
 x - a scroll of enchant armour {unknown}
 y - a scroll of random uselessness {unknown}
 z - a scroll of enchant weapon
 A - a scroll of remove curse
 C - a scroll of noise {unknown}
Potions
 e - a potion of haste {unknown}
 f - a potion of might {unknown}
 i - a potion of flight {unknown}
 k - 2 potions of curing {unknown}
 l - 3 potions of brilliance {unknown}
 m - a potion of degeneration {unknown}
 n - a potion of magic {unknown}
 q - a potion of cancellation {unknown}
 r - a potion of berserk rage {unknown}
 s - a potion of mutation {unknown}
 B - a potion of heal wounds {unknown}
Books
 b - a book of Flames

   Spells                             Type                      Level
   a - Flame Tongue                   Conjuration/Fire             1
   b - Throw Flame                    Conjuration/Fire             2
   c - Conjure Flame                  Conjuration/Fire             3
   d - Inner Flame                    Hexes/Fire                   3
   e - Sticky Flame                   Conjuration/Fire             4
   f - Fireball                       Conjuration/Fire             5
Comestibles
 c - 2 bread rations
 h - a meat ration
 D - a chunk of flesh


   Skills:
 + Level 3.8 Fighting
 * Level 5.5 Maces & Flails
 + Level 2.5 Dodging
 - Level 1.4 Stealth
 - Level 0.1 Unarmed Combat
 - Level 3.1 Spellcasting
 - Level 1.6 Conjurations
 - Level 3.1 Fire Magic


You had 6 spell levels left.
You knew the following spells:

 Your Spells              Type           Power        Failure   Level  Hunger
a - Flame Tongue          Conj/Fire      #....        10%         1    #......
b - Throw Flame           Conj/Fire      #.....       12%         2    ##.....
c - Conjure Flame         Conj/Fire      #.......     24%         3    ###....


Dungeon Overview and Level Annotations

Branches:
Dungeon (5/15)
 Temple: D:4-7

Altars:
Nemelex Xobeh

Shops:
D:4 *

Annotations:
D:5 Chifra's ghost, novice DsGl


Innate Abilities, Weirdness & Mutations

You are too large for most types of armour.
You have tough skin. (AC +1)


Message History

Aim: an ogre, wielding a giant club (heavily wounded)
The flame tongue hits the ogre.
The ogre is heavily wounded.
Casting: Flame Tongue
Confirm with . or Enter, or press ? or * to list all spells.
Aiming: Flame Tongue
Press: ? - help, Shift-Dir - straight line, f/p - ogre
Aim: an ogre, wielding a giant club (heavily wounded)
The flame tongue hits the ogre.
The ogre is severely wounded.
The ogre closely misses you.
Casting: Flame Tongue
Confirm with . or Enter, or press ? or * to list all spells.
Aiming: Flame Tongue
Press: ? - help, Shift-Dir - straight line, f/p - ogre
Aim: an ogre, wielding a giant club (severely wounded)
The flame tongue hits the ogre.
The ogre is almost dead.
The ogre hits you with a giant club!
You die...

.....#########.#.#
#........#####
....(....# #.#.#
#........#
..##.###.# #...#
#....###.#
..##.###.# ##..#
#........#
...#.....# #..#
###+#....#
...####### #..#
##+#....# ...#
#..# #...[...#
...# ###O.#
#.......# ##.#
#####...@#
#.......# ...#
#.......##
#.......# ####
#.......#
#.......#
#.......#
#.......#
#########.......#
#.......#
................#
#########
#######.........#
#.........#
#......####


You could see an ogre.

Vanquished Creatures
  2 scorpions (D:4)
  A hound (D:5)
  2 iguanas (D:4)
  An orc wizard (D:4)
  2 worker ants
  A hound zombie (D:5)
  A hound skeleton (D:4)
  A howler monkey skeleton (D:4)
  9 adders
  2 oozes
  4 worms
  3 dart slugs
  2 leopard geckos (D:1)
  4 orcs
  2 ball pythons
  9 bats
  5 giant cockroaches
  4 goblins
  14 hobgoblins
  4 jackals (D:2)
  6 kobolds
  A quokka (D:2)
  8 frilled lizards
  2 leopard gecko skeletons (D:4)
  A quokka skeleton (D:4)
  12 rats
103 creatures vanquished.

Notes
Turn   | Place    | Note
-------+----------+-------------------------------------------
     0 | D:1      | IcyNumb the Ogre Fire Elementalist began the quest for the Orb.
     0 | D:1      | Reached XP level 1. HP: 16/16 MP: 3/3
   369 | D:1      | Reached XP level 2. HP: 24/24 MP: 3/5
   677 | D:1      | Learned a level 2 spell: Throw Flame
   821 | D:1      | Reached XP level 3. HP: 31/31 MP: 5/7
  1210 | D:1      | Reached skill level 1 in Conjurations
  1841 | D:2      | Reached XP level 4. HP: 39/39 MP: 2/8
  1936 | D:2      | Found a sparkling altar of Nemelex Xobeh.
  2054 | D:2      | Learned a level 3 spell: Conjure Flame
  2573 | D:2      | Found a faded altar of an unknown god.
  3373 | D:3      | Reached XP level 5. HP: 45/45 MP: 7/9
  3970 | D:3      | Reached skill level 1 in Maces & Flails
  4145 | D:4      | Reached skill level 2 in Maces & Flails
  4199 | D:4      | Reached skill level 1 in Fighting
  4300 | D:4      | Found Nahar's General Store.
  4333 | D:4      | Bought a +0 flail for 45 gold pieces
  4333 | D:4      | Bought a scroll of identify for 26 gold pieces
  4333 | D:4      | Bought a scroll of enchant weapon for 97 gold pieces
  4333 | D:4      | Bought a scroll of remove curse for 39 gold pieces
  4561 | D:5      | Entered Level 5 of the Dungeon
  4880 | D:4      | Reached skill level 3 in Maces & Flails
  4880 | D:4      | Reached XP level 6. HP: 16/57 MP: 3/10
  5334 | D:4      | Reached skill level 4 in Maces & Flails
  6049 | D:4      | Reached skill level 5 in Maces & Flails
  6349 | D:5      | Noticed Chifra's ghost (novice DsGl)
  6360 | D:5      | Reached XP level 7. HP: 61/68 MP: 4/11
  6820 | D:4      | Slain by an ogre

Skill      XL: |  1  2  3  4  5  6 |
---------------+-------------------+-----
Conjurations   | 1 |  1.6
Dodging        | 2 |  2.5
Spellcasting   | 3 |  3.1
Fire Magic     | 3 |  3.1
Maces & Flails | 3 5 |  5.5
Fighting       | 2 3 |  3.8
Stealth        | |  1.4
Unarmed Combat | |  0.1

Action                   |  1- 3 |  4- 6 |  7- 9 || total
-------------------------+-------+-------+-------++-------
Melee: Unarmed           |    15 |       |       ||    15
       Whip              |       |    22 |       ||    22
       Mace              |       |    27 |       ||    27
       Flail             |       |    52 |    12 ||    64
 Cast: Flame Tongue      |    44 |    77 |    10 ||   131
       Throw Flame       |    25 |    71 |     7 ||   103
       Conjure Flame     |       |     7 |       ||     7
  Eat: Chunk             |     5 |    13 |       ||    18
       Meat ration       |       |     1 |     1 ||     2
Armor: Robe              |    13 |    44 |     1 ||    58
       Skin              |     1 |       |       ||     1
Dodge: Dodged            |    21 |    69 |     7 ||    97
